AoeStats
← Outlaw

Black Forest

509121703Analyzed
2v2 RM · 7d ago on Sep 25, 2026· 57m 48s· 4 players
Game mode
Random Map
Map size
Medium (4 player)
Population
200
Speed
Normal
Resources
Standard
Victory
Conquest
Starting age
Dark Age
Ending age
Imperial Age
RankedLock teamsTeams togetherTeam positionsShared explorationLock speedFull tech treeHidden civsTurbo modeCheats
Victory
Defeat
🇻🇳 Romans · Vietnam
750
+11
🇳🇴 Bohemians · Norway
694
+14
🇿🇦 Bohemians · South Africa
651
-13
🇿🇦 Vietnamese · South Africa
634
-12
TrolleBolIe
2:37 Loom
12:37 Feudal Age
13:16 Double-Bit Axe
13:14 Horse Collar
23:01 Castle Age
23:29 Fletching
25:29 Bow Saw
25:22 Arson
26:44 Fishing Lines
31:11 Wheelbarrow
34:36 Chemistry
33:56 Caravan
34:17 Hand Cart
35:27 Forging
35:18 Scale Mail Armor
38:51 Imperial Age
36:08 Town Watch
36:31 Gillnets
38:45 Pikeman
40:24 Ballistics
40:12 Siege Engineers
39:43 Elite Skirmisher
45:39 Houfnice
47:33 Halberdier
51:08 Onager
54:12 Bodkin Arrow
54:53 Iron Casting
54:34 Chain Mail Armor
54:19 Padded Archer Armor
55:45 Town Patrol
55:10 Elite Hussite Wagon
55:58 Wagenburg Tactics
56:02 Hussite Reforms
56:11 Fervor
56:22 Sanctity
thanhhai980166
13:33 Feudal Age
16:37 Double-Bit Axe
18:06 Man-at-Arms
21:08 Horse Collar
22:23 Gold Mining
22:24 Stone Mining
26:21 Wheelbarrow
30:20 Castle Age
31:44 Hand Cart
31:43 Bow Saw
31:36 Heavy Plow
33:48 Husbandry
35:50 Squires
35:56 Elite Skirmisher
37:12 Crossbowman
38:43 Town Watch
38:44 Loom
44:08 Imperial Age
41:39 Town Patrol
43:00 Forging
42:50 Scale Mail Armor
42:51 Padded Archer Armor
42:41 Fletching
42:58 Scale Barding Armor
46:06 Chemistry
44:50 Heavy Scorpion
44:52 Capped Ram
46:41 Conscription
46:21 Guard Tower
46:42 Masonry
47:07 Coinage
46:52 Ballistas
47:09 Pikeman
47:10 Long Swordsman
49:39 Leather Archer Armor
49:40 Chain Mail Armor
49:45 Chain Barding Armor
48:52 Siege Ram
50:05 Crop Rotation
51:04 Iron Casting
50:25 Bodkin Arrow
51:01 Ring Archer Armor
51:04 Ballistics
54:59 Cavalier
Dkiller8653
11:30 Feudal Age
12:11 Double-Bit Axe
13:05 Wheelbarrow
12:31 Horse Collar
14:26 Man-at-Arms
33:05 Castle Age
33:39 Crossbowman
33:40 Elite Skirmisher
35:10 Bow Saw
36:38 Padded Archer Armor
36:29 Fletching
40:19 Leather Archer Armor
40:30 Ballistics
41:23 Chemistry
41:25 Wagenburg Tactics
43:25 Bodkin Arrow
46:46 Hand Cart
50:06 Imperial Age
48:28 Masonry
53:34 Ring Archer Armor
53:05 Bracer
Outlaw
13:42 Feudal Age
14:13 Horse Collar
14:21 Double-Bit Axe
14:55 Man-at-Arms
15:57 Arson
21:20 Forging
21:21 Fletching
23:37 Castle Age
22:46 Fletching
22:58 Padded Archer Armor
24:33 Thumb Ring
23:58 Crossbowman
24:48 Long Swordsman
25:38 Bodkin Arrow
27:18 Wheelbarrow
26:36 Long Swordsman
27:27 Scale Mail Armor
28:38 Bow Saw
28:31 Heavy Plow
30:02 Squires
31:57 Hand Cart
33:53 Chatras
36:03 Bloodlines
35:54 Husbandry
36:04 Gold Mining
36:08 Stone Mining
36:58 Ballistics
46:51 Imperial Age
44:15 Loom
46:44 Iron Casting
46:26 Leather Archer Armor
46:17 Scale Barding Armor
47:54 Elite Battle Elephant
51:45 Chain Barding Armor
51:35 Elite Rattan Archer
56:33 Bracer
56:46 Arbalester
Connection lost

Rejoining the realm…

Still unreachable

The connection could not be restored.

Session expired

The server has moved on; the page needs a fresh start.